Map: Catalyst LE

Players

MaNa

  • Race: Protoss Protoss
  • Spawn Location: 11:00

JonSnow - Winner!

  • Race: Zerg Zerg
  • Spawn Location: 5:00

Event: WCS Leipzig 2018

VOD

Have the link to the VOD?

Description

Time

  • Played on: Jan. 26, 2018, 10:26 a.m.
  • Length: 8:40

All games in this series

Show
View Real Time Build Order
Export as new Build Order

MaNa Protoss 

Build Orders: 1 Gate Expand 

Get SALT Encoding   

  12  0:00  Probe  
  13  0:12  Probe  
  14  0:18  Pylon  
  14  0:24  Probe (Chrono Boost)  
  15  0:37  Probe (Chrono Boost)  
  15  0:41  Gateway  
  16  0:45  Probe (Chrono Boost)  
  17  0:51  Probe, Assimilator  
  18  1:03  Probe (Chrono Boost)  
  19  1:14  Probe (Chrono Boost)  
  20  1:28  Nexus  
  20  1:40  Cybernetics Core  
  20  1:41  Probe  
  21  1:49  Assimilator  
  21  1:56  Pylon  
  21  1:58  Probe  
  22  2:10  Probe  
  22  2:15  Adept (Chrono Boost)  
  23  2:20  Stargate  
  23  2:22  Probe  
  26  2:34  Probe  
  27  2:38  Stalker (Chrono Boost)  
  29  2:49  Gateway  
  29  2:52  Probe  
  29  2:54  Probe  
  29  2:57  Warp Gate  
  31  3:04  Probe  
  32  3:06  Probe  
  32  3:12  Adept (Chrono Boost)  
  34  3:18  Shield Battery  
  30  3:28  Void Ray (Chrono Boost)  
  31  3:38  Shield Battery  
  31  3:46  Pylon  
  31  3:53  Pylon  
  31  3:58  Probe x2  
  31  4:02  Void Ray (Chrono Boost)  
  37  4:10  Probe  
  37  4:11  Probe  
  39  4:20  Assimilator  
  39  4:22  Probe  
  39  4:23  Probe  
  41  4:31  Pylon  
  41  4:34  Probe  
  41  4:35  Probe  
  41  4:37  Oracle  
  46  4:40  Pylon  
  46  4:49  Probe x2  
  46  4:52  Stargate  
  48  5:01  Probe x2  
  48  5:05  Assimilator  
  50  5:13  Oracle (Chrono Boost)  
  50  5:14  Probe x2  
  55  5:26  Probe x2  
  57  5:29  Pylon  
  57  5:33  Oracle (Chrono Boost)  
  57  5:34  Pylon  
  57  5:38  Probe x2  
  57  5:40  Pylon  
  65  5:50  Probe x2  
  65  5:51  Pylon  
  65  5:54  Oracle (Chrono Boost)  
  67  6:00  Oracle (Chrono Boost)  
  67  6:02  Probe x2  
  72  6:11  Adept x2  
  74  6:14  Probe  
  74  6:15  Probe  
  74  6:18  Pylon  
  81  6:29  Oracle (Chrono Boost)  
  81  6:31  Oracle (Chrono Boost)  
  84  6:35  Pylon  
  84  6:36  Pylon  
  84  6:41  Pylon  
  84  6:44  Nexus  
  84  6:58  Probe x2, Oracle (Chrono Boost)  
  92  7:01  Oracle (Chrono Boost)  
  92  7:05  Stargate  
  92  7:10  Zealot x2  
  96  7:17  Probe  
  96  7:18  Probe  
  81  7:29  Probe  
  69  7:30  Probe  
  69  7:32  Oracle (Chrono Boost)  
  69  7:36  Zealot  
  75  7:38  Oracle (Chrono Boost)  
  75  7:41  Probe  
  75  7:42  Probe  
  75  7:43  Zealot  
  77  7:54  Probe x2  
  77  7:57  Oracle (Chrono Boost)  
  77  7:58  Shield Battery x2  
  82  8:00  Adept  
  82  8:04  Oracle (Chrono Boost)  
  79  8:11  Probe x2  
  70  8:14  Zealot  
  72  8:28  Zealot  
Show
View Real Time Build Order
Export as new Build Order

JonSnow Zerg - Winner!

Build Orders: Pool First 

Get SALT Encoding   

  12  0:00  Drone  
  13  0:13  Overlord  
  13  0:18  Drone  
  14  0:31  Drone x2  
  16  0:50  Drone x2, Extractor  
  16  0:51  Spawning Pool  
  17  0:57  Drone  
  17  1:15  Drone  
  17  1:17  Drone  
  19  1:30  Hatchery  
  18  1:35  Drone  
  19  1:41  Queen  
  19  1:44  Zergling x2  
  22  1:51  Metabolic Boost  
  22  1:58  Overlord  
  22  2:18  Zergling x4  
  22  2:19  Queen  
  26  2:23  Drone  
  27  2:34  Drone  
  28  2:46  Hatchery  
  28  2:48  Zergling x2  
  28  2:49  Zergling x2  
  28  2:50  Drone  
  30  2:59  Drone x3  
  33  3:10  Zergling x6  
  35  3:19  Drone  
  35  3:22  Drone  
  34  3:31  Drone x2  
  35  3:40  Drone  
  35  3:44  Drone  
  35  3:45  Drone  
  36  3:51  Overlord  
  36  3:52  Lair  
  36  3:55  Overlord  
  36  3:59  Drone x4  
  36  4:02  Drone x2  
  43  4:10  Drone x5  
  43  4:11  Drone  
  48  4:19  Extractor, Queen  
  48  4:20  Extractor  
  48  4:23  Overlord  
  48  4:25  Drone  
  48  4:27  Drone  
  50  4:35  Spore Crawler  
  50  4:37  Drone  
  50  4:40  Queen  
  50  4:44  Spore Crawler  
  50  4:45  Spore Crawler  
  50  4:47  Drone x3  
  50  4:48  Drone  
  54  4:53  Hydralisk Den  
  54  4:54  Drone  
  54  5:00  Drone x3  
  54  5:03  Drone x2  
  54  5:07  Overlord  
  58  5:10  Overlord  
  58  5:17  Overlord  
  58  5:22  Overlord  
  58  5:23  Overlord  
  58  5:27  Muscular Augments  
  58  5:31  Drone x4  
  58  5:35  Overlord  
  62  5:38  Overlord  
  62  5:47  Extractor  
  62  5:49  Hydralisk  
  61  5:50  Hydralisk x2  
  61  5:53  Hydralisk  
  61  5:54  Hydralisk  
  71  5:58  Hydralisk  
  71  5:59  Hydralisk  
  75  6:05  Hydralisk x2  
  75  6:09  Hydralisk  
  81  6:13  Overlord  
  81  6:14  Overlord  
  81  6:17  Hydralisk  
  81  6:18  Hydralisk  
  85  6:23  Hydralisk x2  
  89  6:28  Hydralisk  
  89  6:29  Zergling x4  
  89  6:31  Drone  
  93  6:34  Zergling x4  
  95  6:42  Drone  
  95  6:43  Hydralisk x2, Evolution Chamber  
  95  6:45  Zergling x2  
  100  6:49  Hydralisk  
  100  6:50  Zergling x2  
  102  6:54  Hydralisk x2  
  102  6:55  Zergling x2  
  102  6:59  Hydralisk  
  102  7:00  Zergling x2  
  110  7:04  Hydralisk x2  
  113  7:18  Hydralisk  
  95  7:25  Hydralisk  
  95  7:26  Zergling x10  
  95  7:27  Zergling x10  
  98  7:30  Hydralisk  
  98  7:31  Zergling x2  
  97  7:39  Hydralisk x2  
  101  7:47  Hydralisk x2  
  101  7:48  Zergling x2  
  101  7:50  Hydralisk  
  101  7:51  Zergling x2  
  106  7:54  Hydralisk  
  106  7:55  Zergling x2  
  106  7:58  Extractor  
  104  8:02  Hydralisk  
  104  8:03  Zergling x2  
  107  8:07  Hydralisk x2  
  107  8:08  Zergling x8  
  111  8:13  Hydralisk  
  111  8:16  Drone x2  
  115  8:24  Drone x3  
  113  8:36  Spire  
Tags
 
Add a new tag
Caveats
  • Supply blocks, unpowered buildings, or Contaminate may cause inaccurate times.
  • Supply counts are checked every 10 seconds.